Map: [ESL] Hard Lead

Players

HeroMarine

  • Race: Terran Terran
  • Spawn Location: 5:00

Cure - Winner!

  • Race: Terran Terran
  • Spawn Location: 11:00

Event: IEM Katowice 2024

VOD

Have the link to the VOD?

Description

Time

  • Played on: Feb. 11, 2024, 9:14 a.m.
  • Length: 10:00

All games in this series

Show
View Real Time Build Order
Export as new Build Order

HeroMarine Terran 

Build Orders: Cyclone Opening 

Get SALT Encoding   

  12  0:00  SCV  
  13  0:12  SCV  
  14  0:17  Supply Depot  
  14  0:24  SCV  
  15  0:38  SCV  
  15  0:40  Barracks  
  16  0:43  Refinery  
  16  0:50  SCV  
  16  0:53  Refinery  
  17  1:02  SCV  
  18  1:15  SCV  
  19  1:27  Orbital Command, Reaper  
  20  1:33  Supply Depot  
  20  1:41  Factory  
  20  1:53  SCV  
  21  1:59  Reaper  
  22  2:05  SCV  
  23  2:16  Command Center  
  23  2:19  SCV  
  24  2:25  Hellion  
  26  2:31  SCV  
  26  2:32  Reaper  
  28  2:43  SCV, Supply Depot  
  29  2:46  Cyclone  
  31  2:58  Starport  
  31  3:04  SCV  
  32  3:05  Barracks Reactor  
  32  3:16  SCV  
  32  3:18  Cyclone  
  35  3:29  SCV  
  35  3:30  Orbital Command  
  36  3:40  Medivac  
  36  3:41  SCV  
  36  3:51  Factory Tech Lab  
  36  3:53  SCV, Marine x2  
  36  3:55  SCV  
  39  3:56  Refinery  
  39  4:05  SCV  
  39  4:07  SCV  
  41  4:10  Siege Tank, Marine  
  41  4:11  Starport Tech Lab, Marine  
  46  4:17  SCV  
  46  4:19  SCV  
  48  4:28  Marine x2  
  48  4:30  SCV  
  51  4:31  SCV  
  51  4:36  Raven, Interference Matrix  
  54  4:40  Supply Depot  
  54  4:59  Supply Depot  
  54  5:01  Siege Tank, SCV x2, Marine x2  
  59  5:10  Raven  
  59  5:13  SCV  
  62  5:21  SCV, Marine x2  
  65  5:23  Command Center  
  66  5:33  Supply Depot  
  66  5:34  Siege Tank, Supply Depot  
  70  5:39  Marine x2  
  70  5:42  Refinery  
  70  5:55  Raven, SCV x2  
  70  5:56  Marine x2  
  72  6:06  Siege Tank  
  72  6:07  SCV x2  
  75  6:14  Marine x2  
  77  6:19  Barracks, SCV x2  
  77  6:21  Barracks  
  79  6:31  SCV x2  
  79  6:32  Marine x2  
  81  6:34  Engineering Bay  
  81  6:35  Engineering Bay  
  81  6:37  SCV  
  74  6:43  SCV  
  74  6:46  Siege Tank  
  70  6:49  SCV  
  71  6:55  Orbital Command, SCV  
  71  7:00  Starport Reactor  
  71  7:01  SCV  
  71  7:06  Terran Infantry Weapons Level 1, Terran Infantry Armor Level 1  
  71  7:08  SCV  
  73  7:11  Orbital Command  
  73  7:14  Marine x2  
  69  7:16  Stimpack  
  69  7:25  Barracks, SCV x2  
  69  7:26  Barracks  
  70  7:34  Siege Tank, Marine  
  70  7:35  Marine  
  76  7:37  SCV x2  
  76  7:41  Orbital Command  
  76  7:43  Barracks Reactor  
  78  7:44  Medivac  
  78  7:49  SCV x2  
  80  7:53  Marine x3  
  83  8:01  SCV x2  
  83  8:04  Supply Depot, Medivac  
  87  8:06  Supply Depot  
  87  8:08  SCV  
  87  8:10  Siege Tank  
  87  8:11  Marine x3  
  94  8:13  SCV  
  94  8:14  SCV  
  96  8:22  Viking  
  96  8:25  Barracks Reactor  
  96  8:26  Barracks Tech Lab  
  96  8:28  Marine x2  
  96  8:29  Marine x3  
  96  8:34  Medivac  
  101  8:40  Supply Depot x2  
  103  8:42  Siege Tank  
  103  8:45  Marine  
  103  8:46  Marine x3  
  103  8:47  Marine  
  111  8:49  Marine  
  111  8:51  SCV x2  
  109  9:03  Marine  
  109  9:04  Marine x3  
  109  9:05  Marine  
  109  9:08  Marine x3  
  111  9:14  Siege Tank  
  114  9:17  Medivac  
  114  9:18  Medivac  
  114  9:20  SCV x2  
  114  9:21  Marine  
  114  9:22  Marine x3, SCV  
  114  9:23  Marine  
  126  9:25  Marine x2  
  126  9:26  Marine  
  96  9:38  Marine  
  96  9:39  Marine  
  96  9:40  Marine x2  
  96  9:41  Marine  
  96  9:44  SCV x2  
  96  9:45  SCV  
Show
View Real Time Build Order
Export as new Build Order

Cure Terran - Winner!

Build Orders:  

Get SALT Encoding   

  12  0:00  SCV  
  13  0:12  SCV  
  14  0:17  Supply Depot  
  14  0:24  SCV  
  15  0:38  SCV  
  15  0:40  Barracks  
  15  0:42  Refinery  
  16  0:51  SCV  
  16  0:52  Refinery  
  17  1:03  SCV  
  18  1:15  SCV  
  19  1:27  Orbital Command, Reaper  
  20  1:32  Supply Depot  
  20  1:42  Factory  
  20  1:52  SCV  
  21  1:59  Barracks Reactor  
  21  2:05  SCV  
  22  2:16  Command Center  
  22  2:19  SCV  
  23  2:25  Hellion  
  25  2:31  SCV  
  25  2:35  Reaper x2  
  28  2:37  Supply Depot  
  28  2:43  SCV  
  29  2:46  Hellion  
  31  2:54  Starport  
  31  2:58  SCV  
  32  3:10  SCV  
  33  3:19  Cyclone x2  
  37  3:21  Refinery  
  37  3:23  SCV  
  38  3:29  Orbital Command  
  38  3:35  SCV  
  38  3:38  Medivac  
  38  3:39  Barracks Tech Lab  
  37  3:47  SCV  
  36  3:52  Cyclone x2  
  39  3:56  SCV  
  39  3:59  SCV  
  41  4:05  Supply Depot  
  41  4:08  SCV  
  42  4:11  SCV  
  43  4:17  Raven  
  43  4:20  SCV  
  43  4:23  SCV  
  47  4:25  Cyclone x2  
  51  4:32  SCV  
  51  4:34  Interference Matrix  
  51  4:35  SCV  
  51  4:36  Supply Depot  
  51  4:37  Marine  
  54  4:45  SCV  
  55  4:47  SCV, Supply Depot  
  55  4:54  Raven  
  55  4:57  SCV  
  55  4:59  SCV  
  59  5:00  Cyclone  
  59  5:04  Cyclone  
  63  5:10  SCV  
  63  5:11  SCV  
  65  5:21  Command Center  
  65  5:22  Barracks Tech Lab  
  65  5:25  SCV x2  
  65  5:28  Raven, Refinery  
  69  5:31  Supply Depot  
  69  5:34  Cyclone  
  71  5:38  Cyclone  
  73  5:46  SCV x2  
  73  5:49  Marine  
  76  5:50  Stimpack  
  76  6:00  Barracks  
  76  6:01  Barracks, SCV x2  
  78  6:07  Marine  
  78  6:10  Starport Reactor  
  83  6:13  SCV x2  
  85  6:24  Engineering Bay  
  85  6:25  SCV x2, Marine, Engineering Bay  
  82  6:27  Supply Depot  
  82  6:37  SCV  
  82  6:38  SCV  
  82  6:42  Marine  
  82  6:44  Siege Tank  
  85  6:50  SCV x2  
  87  6:56  Terran Infantry Weapons Level 1, Terran Infantry Armor Level 1  
  87  6:58  Starport Reactor  
  87  7:00  Barracks x2, Marine  
  88  7:01  Orbital Command  
  88  7:02  SCV x2  
  88  7:09  Marine  
  88  7:14  SCV x2  
  88  7:15  Marine  
  93  7:17  Siege Tank  
  93  7:18  Marine  
  96  7:23  Marine  
  96  7:24  Marine  
  96  7:26  Marine  
  99  7:32  Marine  
  99  7:33  Combat Shield  
  99  7:36  Marine  
  101  7:38  Orbital Command  
  101  7:41  Marine x2  
  101  7:42  Supply Depot  
  101  7:43  Supply Depot  
  103  7:44  Marine  
  103  7:46  SCV x2  
  103  7:50  Barracks Reactor x2, Marine  
  105  7:53  Medivac  
  105  7:54  Marine  
  108  7:59  Marine  
  108  8:03  Medivac, Marine x2  
  108  8:04  Siege Tank  
  116  8:06  Supply Depot  
  116  8:07  Armory  
  116  8:08  SCV x2  
  116  8:12  SCV  
  119  8:13  Marine x2  
  119  8:17  Marine  
  122  8:21  Marine x2  
  124  8:27  Medivac, Supply Depot x2  
  124  8:29  Marine x2  
  124  8:31  Marine x2  
  124  8:33  Sensor Tower, Marine x2  
  132  8:35  Marine  
  133  8:48  Siege Tank, SCV x3, Marine x4  
  133  8:49  Marine x2  
  133  8:50  Supply Depot x2  
  133  8:51  Marine x2  
  133  8:52  Refinery  
  145  9:00  SCV  
  142  9:09  Marine x6  
  140  9:11  Medivac x2  
  140  9:17  SCV x2  
  140  9:18  Marine x3, SCV  
  140  9:21  Siege Tank  
  149  9:27  Marine  
  149  9:28  Marine x4  
  141  9:33  Marine  
  141  9:35  Marine x2  
  141  9:36  Marine  

Tags
 
Add a new tag
Caveats
  • Supply blocks, unpowered buildings, or Contaminate may cause inaccurate times.
  • Supply counts are checked every 10 seconds.